AoeStats
← Comend x comend

Arena

509716710Analyzed
4v4 RM · 3d ago on Sep 27, 2026· 44m 37s· 8 players
Game mode
Random Map
Map size
Large (8 player)
Population
200
Speed
Normal
Resources
Standard
Victory
Conquest
Starting age
Dark Age
Ending age
Imperial Age
RankedLock teamsTeams togetherTeam positionsShared explorationLock speedFull tech treeHidden civsTurbo modeCheats
Victory
Defeat
🇨🇳 Armenians · China
1524
+13
🇧🇪 Celts · Belgium
1458
+15
🇩🇪 Koreans · Germany
1440
+16
🇵🇪 Berbers · Peru
1366
+19
🇺🇸 Jurchens · United States
1482
-17
🇺🇸 Spanish · United States
1447
-16
🇮🇹 Saracens · Italy
1441
-16
🇨🇷 Bohemians · Costa Rica
1404
-14
PaRappa56
10:25 Feudal Age
15:07 Castle Age
14:53 Fletching
17:11 Double-Bit Axe
17:41 Loom
17:42 Town Watch
19:26 Horse Collar
21:52 Wheelbarrow
22:29 Bow Saw
23:01 Gold Mining
24:07 Heavy Plow
29:07 Imperial Age
27:13 Stone Mining
27:33 Bodkin Arrow
28:28 Padded Archer Armor
29:30 Leather Archer Armor
29:43 Hand Cart
29:51 Bloodlines
29:41 Husbandry
30:55 Ring Archer Armor
31:54 Chemistry
31:44 Conscription
31:30 Bracer
31:41 Forging
32:01 Light Cavalry
32:56 Hussar
34:48 Iron Casting
34:55 Ballistics
34:38 Pikeman
35:18 Squires
37:12 Halberdier
37:54 Scale Mail Armor
39:58 Supremacy
40:44 Guilds
40:35 Caravan
41:06 Coinage
43:33 Two-Man Saw
43:08 Banking
43:48 Chain Mail Armor
44:33 Blast Furnace
43:11 Elite Skirmisher
44:34 Thumb Ring
Kyphosis
9:51 Feudal Age
10:37 Loom
13:50 Castle Age
12:38 Double-Bit Axe
19:24 Bow Saw
24:26 Wheelbarrow
25:45 Horse Collar
26:24 Gold Mining
29:48 Imperial Age
27:41 Scale Barding Armor
28:08 Stone Mining
28:41 Chain Barding Armor
28:30 Heavy Plow
28:59 Bloodlines
29:34 Husbandry
29:46 Forging
31:28 Conscription
33:18 Chemistry
33:33 Hand Cart
33:56 Masonry
37:25 Plate Barding Armor
37:20 Elite Steppe Lancer
40:12 Light Cavalry
43:17 Light Cavalry
ITA | GiaggiaZena
10:52 Feudal Age
14:34 Castle Age
12:40 Double-Bit Axe
12:40 Horse Collar
15:32 Bow Saw
21:36 Wheelbarrow
21:58 Gold Mining
24:10 Gold Shaft Mining
25:11 Stone Mining
25:18 Loom
28:22 Imperial Age
27:02 Padded Archer Armor
28:23 Leather Archer Armor
32:36 Ring Archer Armor
32:12 Elite Mameluke
33:42 Scale Barding Armor
34:01 Capped Ram
35:19 Chain Barding Armor
38:32 Crossbowman
39:48 Fletching
40:43 Arbalester
41:40 Bodkin Arrow
42:34 Bracer
Delirios de Autoridad
10:50 Feudal Age
14:39 Castle Age
12:29 Double-Bit Axe
12:40 Horse Collar
16:02 Bow Saw
22:13 Wheelbarrow
25:04 Loom
28:09 Imperial Age
26:02 Hand Cart
26:44 Scale Mail Armor
26:45 Town Watch
27:47 Forging
27:01 Pikeman
28:10 Squires
30:35 Halberdier
31:51 Chain Mail Armor
32:56 Chemistry
34:57 Iron Casting
35:51 Plate Mail Armor
36:37 Houfnice
38:19 Blast Furnace
43:16 Conscription
43:36 Ballistics
43:07 Fletching
Ficki-T-E
8:50 Feudal Age
7:59 Loom
9:17 Double-Bit Axe
9:30 Stone Mining
11:58 Fletching
13:02 Horse Collar
21:41 Castle Age
19:55 Gold Mining
22:34 Bow Saw
23:01 Stone Shaft Mining
22:56 Bodkin Arrow
24:31 Gold Shaft Mining
24:48 Ballistics
25:35 Wheelbarrow
27:59 Hand Cart
30:54 Heavy Plow
31:33 Gold Shaft Mining
32:52 Town Watch
36:01 Imperial Age
35:02 Scale Mail Armor
35:59 Squires
36:18 Chain Mail Armor
36:51 Forging
36:05 Elite Fire Lancer
37:37 Plate Mail Armor
38:05 Conscription
38:54 Iron Casting
37:59 Capped Ram
42:03 Arson
43:09 Bracer
Whop
6:40 Loom
9:16 Feudal Age
11:41 Fletching
21:42 Castle Age
19:51 Horse Collar
20:10 Double-Bit Axe
22:23 Scale Barding Armor
23:02 Bodkin Arrow
27:09 Scale Mail Armor
33:11 Forging
33:17 Chain Mail Armor
34:02 Gold Mining
34:04 Stone Mining
34:15 Heavy Plow
36:07 Wheelbarrow
35:17 Town Watch
37:12 Hand Cart
41:20 Imperial Age
43:15 Heavy Scorpion
第一滴血
8:58 Feudal Age
13:16 Castle Age
11:38 Double-Bit Axe
12:25 Horse Collar
22:21 Wheelbarrow
22:53 Bow Saw
22:54 Gold Mining
23:36 Heavy Plow
28:49 Imperial Age
26:44 Squires
26:06 Pikeman
27:15 Hand Cart
27:05 Fletching
27:06 Halberdier
28:25 Ballistics
28:16 Scale Mail Armor
28:09 Stone Mining
28:55 Gold Shaft Mining
30:16 Conscription
30:22 Bodkin Arrow
31:30 Chemistry
30:24 Loom
30:28 Town Watch
31:16 Elite Composite Bowman
32:04 Bracer
32:23 Chain Mail Armor
33:55 Padded Archer Armor
34:07 Forging
35:37 Leather Archer Armor
36:44 Coinage
39:15 Ring Archer Armor
40:26 Banking
39:58 Caravan
42:10 Hoardings
41:41 Cilician Fleet
41:41 Fereters
41:59 Onager
41:59 Capped Ram
44:33 Masonry
44:04 Treadmill Crane
Comend x comend
10:57 Feudal Age
15:34 Castle Age
13:46 Double-Bit Axe
13:54 Horse Collar
19:33 Wheelbarrow
19:32 Bow Saw
22:37 Hand Cart
23:41 Heavy Plow
25:02 Loom
25:02 Town Watch
25:57 Gold Mining
29:08 Imperial Age
27:25 Forging
27:20 Scale Barding Armor
28:00 Gold Shaft Mining
28:08 Bloodlines
29:13 Iron Casting
28:42 Husbandry
29:37 Chain Barding Armor
29:12 Heavy Camel Rider
29:13 Cavalier
30:09 Cavalier
33:40 Conscription
34:56 Scale Mail Armor
35:56 Blast Furnace
37:05 Light Cavalry
38:40 Hussar
41:25 Chemistry
Connection lost

Rejoining the realm…

Still unreachable

The connection could not be restored.

Session expired

The server has moved on; the page needs a fresh start.